 Dungeon Crawl Stone Soup version 0.31-a0-188-g5e087ee2ca (webtiles) character file.

Game seed: 7744197320744534352

41 qw the Shooter (level 3, -1/20 HPs)
             Began as a Deep Elf Hunter on June 23, 2023.
             Slain by a jackal (3 damage)
             ... on level 2 of the Dungeon.
             The game lasted 00:00:23 (994 turns).

qw the Shooter (Deep Elf Hunter)                     Turns: 994, Time: 00:00:24

Health: -1/20      AC:  5    Str: 10    XL:     3   Next: 32%
Magic:  5/5        EV: 11    Int: 13    God:
Gold:   39         SH:  0    Dex: 18    Spells: 2/2 levels left

rFire   . . .        Y - +0 shortbow
rCold   . . .        (shield currently unavailable)
rNeg    . . .        i - +0 ring mail
rPois   .            (no helmet)
rElec   .            (no cloak)
rCorr   +            (no gloves)
SInv    .            (no boots)
Will    .....        (no amulet)
Stlth   +            l - ring of resist corrosion
HPRegen 0.23/turn    (no ring)
MPRegen 0.09/turn

%: no passive effects
@: lethally poisoned (-1 -> -5)
A: no striking features
a: no special abilities


You were on level 2 of the Dungeon.
You visited 1 branch of the dungeon, and saw 2 of its levels.

You collected 39 gold pieces.


   Skills:
 - Level 1.5 Fighting
 + Level 6.9 Ranged Weapons
 - Level 2.4 Dodging
 - Level 1.2 Stealth


You had 2 spell levels left.
You didn't know any spells.
Your spell library was empty.

Inventory:

Hand Weapons
 Y - a +0 shortbow (weapon)
Armour
 i - a +0 ring mail (worn)
Jewellery
 l - a ring of resist corrosion (left hand)
Potions
 b - a potion of invisibility {unknown}
 e - 4 potions of curing
 j - a potion of magic {unknown}
 k - a potion of heal wounds {unknown}

Dungeon Overview and Level Annotations

Branches:
Dungeon (2/15)

Altars:


Message History

You kill the goblin!
The frilled lizard bites you but does no damage.
You shoot an arrow.
The arrow barely misses the frilled lizard.
The frilled lizard bites you.
You shoot an arrow. The arrow hits the frilled lizard.
You kill the frilled lizard!
Your surroundings suddenly seem different.
A quokka comes into view.
A jackal comes into view.
Enter note: You shoot an arrow.
The jackal barks!
The arrow hits the quokka but does no damage.
You shoot an arrow. The arrow hits the quokka.
The quokka is almost dead.
You shoot an arrow. The arrow hits the quokka!
You kill the quokka!
You shoot an arrow. The arrow closely misses the jackal.
An adder comes into view.
You shoot an arrow. The arrow barely misses the jackal.
The adder hisses angrily.
The jackal closely misses you. x2
You shoot an arrow. The arrow barely misses the jackal.
The jackal misses you. The jackal bites you.
You shoot an arrow. The arrow closely misses the jackal.
The arrow closely misses the adder.
The jackal bites you but does no damage.
You shoot an arrow. The arrow barely misses the jackal.
The arrow hits the adder!
The adder is almost dead.
The jackal bites you but does no damage. x2
You shoot an arrow. The arrow barely misses the adder.
The adder bites you.
You are lethally poisoned!
The adder poisons you! The jackal closely misses you.
The jackal bites you but does no damage.
The adder barely misses you.
You shoot an arrow. The arrow barely misses the adder.
You feel sick. The jackal bites you.
You die...

#########
#.......#
#.......#
#.......#
#.....%@#
#.....Sh#
#.......#
#........
#........
######....
#....
#.....


You could see an adder and a jackal.

Vanquished Creatures
  A worm (D:2)
  A bat (D:1)
  3 endoplasms (D:1)
  4 giant cockroaches
  3 hobgoblins
  2 jackals (D:2)
  5 quokkas
  A ball python (D:1)
  2 frilled lizards (D:2)
  6 goblins
  4 kobolds (D:1)
32 creatures vanquished.

Notes
Turn   | Place    | Note
-------+----------+-------------------------------------------
     0 | D:1      | qw the Deep Elf Hunter began the quest for the Orb.
     0 | D:1      | Reached XP level 1. HP: 12/12 MP: 3/3
     0 | D:1      | 0 ||| qw: Version: 0.3-a-9-g12657ce
     0 | D:1      | 0 ||| qw: Game counter: 3983
     0 | D:1      | 0 ||| qw: Always use a shield: true
     0 | D:1      | 0 ||| qw: God list: Okawaru
     0 | D:1      | 0 ||| qw: Allow faded altars: false
     0 | D:1      | 0 ||| qw: Do Orc after D:15 true
     0 | D:1      | 0 ||| qw: Do second Lair branch before Depths: true
     0 | D:1      | 0 ||| qw: Lair rune preference: random
     0 | D:1      | 0 ||| qw: Plans: Normal
     0 | D:1      | 0 ||| PLANNING D:1-11
   303 | D:1      | Reached XP level 2. HP: 16/16 MP: 4/4
   349 | D:1      | Reached skill level 6 in Ranged Weapons
   725 | D:1      | 725 ||| UPGRADING to +0 ring mail.
   735 | D:1      | 735 ||| DROPPING +0 leather armour.
   736 | D:1      | 736 ||| DROPPING ring of wizardry.
   737 | D:1      | 737 ||| UPGRADING to ring of resist corrosion.
   738 | D:1      | 738 ||| READING 2 scrolls labelled RISEKU YTROP.
   743 | D:1      | 743 ||| READING scroll labelled KIAPLA HIAZXUO.
   744 | D:1      | 744 ||| READING scroll labelled ZOODEW EDDI.
   745 | D:1      | 745 ||| READING scroll labelled DOSI PONOY.
   846 | D:1      | 846 ||| DRINKING 5 sapphire potions.
   847 | D:1      | 847 ||| DROPPING scroll of butterflies.
   874 | D:2      | Reached XP level 3. HP: 20/20 MP: 5/5
   980 | D:2      | HP: 4/20 [goblin/+0 dagger (2)]
   981 | D:2      | 981 ||| READING scroll of teleportation.
   990 | D:2      | HP: 4/20 [jackal (2)]
   994 | D:2      | Slain by a jackal

Levels and vault maps discovered:
D:1:      lemuel_arrival_river_ford, layout_loops_cross
D:2:      minmay_diamond_boxcup, layout_basic, serial_shops,
          nicolae_shop_crystal, nicolae_shop_behind_doors, shop,
          dreamdust_ecumenical_altar_sealed_demon, minmay_split_cup_small

Skill      XL: |  1  2 |
---------------+-------+-----
Ranged Weapons | 6 |  6.9
Fighting       | |  1.5
Dodging        | |  2.4
Stealth        | |  1.2

Action                     || total
---------------------------++-------
   Fire: Shortbow          ||    93
    Use: Scroll            ||     5
         Potion            ||     1
 Armour: Leather armour    ||     6
         Ring mail         ||    14
  Dodge: Dodged            ||    18

Table legend:
 A = Non-vault XP
 B = Vault XP
 C = Vault XP percentage of total XP
 D = Non-vault monster count
 E = Vault monster count
 F = Vault count percentage of total count
                 A         B        C        D         E       F
            +---------+---------+-------+---------+---------+-------
      Total |      53 |       6 |  10.2 |      29 |       3 |   9.4
            +---------+---------+-------+---------+---------+-------
        D:1 |      39 |       0 |   0.0 |      22 |       0 |   0.0
        D:2 |      14 |       6 |  30.0 |       7 |       3 |  30.0
            +---------+---------+-------+---------+---------+-------
